 Dungeon Crawl Stone Soup version 0.20-a0-550-gf70bbbc (webtiles) character file.

45 ololoev the Magician (level 3, -1/26 HPs)
             Began as a Mummy Fire Elementalist on Feb 2, 2017.
             Slain by an adder (3 damage)
             ... on level 2 of the Dungeon.
             The game lasted 00:03:40 (1253 turns).

ololoev the Magician (Mummy Fire Elementalist)      Turns: 1253, Time: 00:03:41

Health: -1/26      AC:  2    Str: 12    XL:     3   Next: 42%
Magic:  0/7        EV: 12    Int: 14    God:
Gold:   84         SH:  0    Dex: 12    Spells: 7/8 levels left

rFire    x . .     SeeInvis .   g - +0 whip
rCold    + . .     Gourm    .   a - +0 robe
rNeg     + + +     Faith    .   (no shield)
rPois    ∞         Spirit   .   (no helmet)
rElec    .         Reflect  .   (no cloak)
rCorr    .         Harm     .   (no gloves)
MR       .....                  (no boots)
Stlth    ++........             (no amulet)
Regen    0.1/turn               (no ring)
                                (no ring)

@: very slightly contaminated
A: no food or potions, fire vulnerability, cold resistance 1, negative energy
resistance 3, torment resistance, unbreathing
a: no special abilities


Innate Abilities, Weirdness & Mutations

You do not eat or drink.
Your flesh is vulnerable to fire.
You are immune to poison.
Your flesh is cold resistant. (rC+)
You are immune to negative energy. (rN+++)
You are immune to unholy pain and torment.
You can survive without breathing.

Inventory:

Hand Weapons
 g - a +0 whip (weapon)
Armour
 a - a +0 robe (worn)
Scrolls
 c - a scroll of fog {unknown}
 d - a scroll of fear {unknown}
 e - a scroll of enchant armour {unknown}
 f - a scroll of magic mapping {unknown}
 h - a scroll of recharging {unknown}
 i - a scroll of teleportation {unknown}
 j - 2 scrolls of identify {unknown}
Books
 b - a book of Flames

   Spells                             Type                      Level
   a - Flame Tongue                   Conjuration/Fire             1
   b - Throw Flame                    Conjuration/Fire             2
   c - Conjure Flame                  Conjuration/Fire             3
   d - Inner Flame                    Hexes/Fire                   3
   e - Sticky Flame                   Conjuration/Fire             4
   f - Fireball                       Conjuration/Fire             5


   Skills:
 + Level 1.1 Fighting
 + Level 1.0 Armour
 + Level 2.0 Dodging
 - Level 1.5 Stealth
 + Level 3.0 Spellcasting
 - Level 0.7 Conjurations
 + Level 2.7 Fire Magic


You had 7 spell levels left.
You knew the following spells:

 Your Spells              Type           Power        Failure   Level  Hunger
a - Flame Tongue          Conj/Fire      #....        12%         1    N/A


You were on level 2 of the Dungeon.
You were not hungry.

You visited 1 branch of the dungeon, and saw 2 of its levels.

You collected 84 gold pieces.

...####........###.........# ...#
#........# #.........# ...#
##.....### #.........###### #####
#.....# ##†####......... (...#
#..(..# #...##......... ....#
####### #.#.##......... ....#
#.#.##.........
###.###############...##.........
...............S@...>.........!..
........###########...#..........
...[....# #.#............
........# #.#.........%..
........# #.#............
###.##### #.#...##.....## ......#
#.#...##.....# !.....#
#.#.#.##.....# ......######
#.#.#..#.....#

Notes
Turn   | Place    | Note
-------+----------+-------------------------------------------
     0 | D:1      | ololoev the Mummy Fire Elementalist began the quest for the Orb.
     0 | D:1      | Reached XP level 1. HP: 13/13 MP: 4/4
   311 | D:1      | Reached XP level 2. HP: 20/20 MP: 3/5
   871 | D:2      | Reached skill level 1 in Fighting
   907 | D:2      | Reached XP level 3. HP: 26/26 MP: 7/7
   924 | D:2      | Reached skill level 3 in Spellcasting
  1093 | D:2      | Reached skill level 1 in Armour
  1250 | D:2      | HP: 1/26 [adder (3)]
  1253 | D:2      | Slain by an adder

Dungeon Overview and Level Annotations

Branches:
Dungeon (2/15)

Altars:


Message History

The adder hisses angrily.
There are no items here.
Casting: Flame Tongue
Confirm with . or Enter, or press ? or * to list all spells.
Aiming: Flame Tongue
Press: ? - help, Shift-Dir - straight line, f - adder
Aim: an adder The flame tongue misses the adder.
Casting: Flame Tongue
Confirm with . or Enter, or press ? or * to list all spells.
Aiming: Flame Tongue
Press: ? - help, Shift-Dir - straight line, f/p - adder
Aim: an adder The flame tongue misses the adder.
The adder bites you. The adder barely misses you.
Casting: Flame Tongue
Confirm with . or Enter, or press ? or * to list all spells.
Aiming: Flame Tongue
Press: ? - help, Shift-Dir - straight line, f/p - adder
Aim: an adder You miscast Flame Tongue.
You are very lightly contaminated with residual magic.
Your bandages flutter.
The adder closely misses you.
Casting: Flame Tongue
Confirm with . or Enter, or press ? or * to list all spells.
Aiming: Flame Tongue
Press: ? - help, Shift-Dir - straight line, f/p - adder
Aim: an adder The flame tongue hits the adder.
The adder is lightly wounded.
The adder bites you.
Casting: Flame Tongue
Confirm with . or Enter, or press ? or * to list all spells.
Aiming: Flame Tongue
Press: ? - help, Shift-Dir - straight line, f/p - adder
Aim: an adder (lightly wounded)
The flame tongue misses the adder.
The adder misses you. The adder bites you.
Casting: Flame Tongue
Confirm with . or Enter, or press ? or * to list all spells.
Aiming: Flame Tongue
Press: ? - help, Shift-Dir - straight line, f/p - adder
Aim: an adder (lightly wounded)
The flame tongue hits the adder.
The adder is heavily wounded.
The adder barely misses you.
Casting: Flame Tongue
Confirm with . or Enter, or press ? or * to list all spells.
Aiming: Flame Tongue
Press: ? - help, Shift-Dir - straight line, f/p - adder
Aim: an adder (heavily wounded)
You miscast Flame Tongue.
Nothing appears to happen.
The adder bites you.
You miss the adder.
The adder is heavily wounded.
The adder bites you. x2
You miss the adder.
The adder is heavily wounded.
The adder closely misses you.
You hit the adder.
The adder is heavily wounded.
The adder bites you but does no damage.
Casting: Flame Tongue
Confirm with . or Enter, or press ? or * to list all spells.
Aiming: Flame Tongue
Press: ? - help, Shift-Dir - straight line, f/p - adder
Aim: an adder (heavily wounded)
You miscast Flame Tongue.
Nothing appears to happen.
The adder closely misses you. x2
The adder bites you. The adder barely misses you. The adder bites you.
Casting: Flame Tongue
Confirm with . or Enter, or press ? or * to list all spells.
Aiming: Flame Tongue
Press: ? - help, Shift-Dir - straight line, f/p - adder
Aim: an adder (heavily wounded)
You miscast Flame Tongue.
Your bandages flutter.
The adder bites you.
You aren't carrying any items that you can evoke.
Unknown command.
The adder bites you.
You die...

You could see an adder.

Vanquished Creatures
  An adder (D:2)
  A dart slug (D:1)
  4 giant cockroaches
  2 goblins (D:1)
  5 hobgoblins
  6 bats
  2 frilled lizards (D:1)
  7 kobolds
  3 rats (D:1)
31 creatures vanquished.

Action                   || total
-------------------------++-------
Melee: Whip              ||    51
 Cast: Flame Tongue      ||    44
  Use: Scroll            ||     1
 Stab: Sleeping          ||     1
Armor: Robe              ||    24
Dodge: Dodged            ||    63

Vault maps used:
D:1:      minmay_arrival_wavy_path
